 Dungeon Sprint DCSS version 0.30.0-15-g856e2d3f33 (webtiles) character file.

Game seed: 874520141885601413

19800000 GloriousHammer the Axe Maniac (level 27, -33/228 HPs)
             Began as a Djinni Warper on May 20, 2023.
             Was the Champion of Makhleb.
             Annihilated by a meat berserker
             ... wielding a +9 battleaxe
              (79 damage)
             ... in the Dungeon (Sprint VIII: "Arena of Blood").
             The game lasted 00:12:40 (198 turns).

GloriousHammer the Axe Maniac (Djinni Warper)        Turns: 198, Time: 00:12:40

Health: -33/228    AC:  6    Str: 10    XL:     27
Gold:   0          EV: 36    Int: 17    God:    Makhleb [******] SH:  0 Dex: 25

rFire   + + .        i - +∞ Axe of Woe
rCold   x . .        (shield currently unavailable)
rNeg    . . .        b - +0 leather armour
rPois   ∞            (no helmet)
rElec   .            (no cloak)
rCorr   .            (no gloves)
SInv    +            (boots unavailable)
Will    ++...        (no amulet)
Stlth   ++++         v - ring of see invisible
HPRegen 0.58/turn    (no ring)
MPRegen 0.00/turn

%: no teleportation, infuse magic (-34 HP)
@: animating dead, flying
A: sickness immunity, fire resistance 2, cold vulnerability 1, float, innate
caster, HP casting, extra vitality 1
0: Orb of Zot
a: Renounce Religion, Minor Destruction, Lesser Servant of Makhleb, Major
Destruction, Greater Servant of Makhleb


You were in the Dungeon.
You worshipped Makhleb.
Makhleb was exalted by your worship.
You visited 1 branch

Inventory:

Hand Weapons
 a - a +0 hand axe
 i - the +∞ Axe of Woe (weapon)
   (You found it in the Dungeon)
Missiles
 d - 7 boomerangs of dispersal (quivered)
Armour
 b - a +0 leather armour (worn)
Jewellery
 v - a ring of see invisible (left hand)
Scrolls
 c - 2 scrolls of blinking
Potions
 e - a potion of curing
 f - a potion of heal wounds
 g - a potion of haste
 h - a potion of berserk rage


   Skills:
 O Level 27 Fighting
 O Level 27 Short Blades
 O Level 27 Long Blades
 O Level 27 Axes
 O Level 27 Maces & Flails
 O Level 27 Polearms
 O Level 27 Staves
 O Level 27 Ranged Weapons
 O Level 27 Throwing
 O Level 27 Armour
 O Level 27 Dodging
 O Level 27 Stealth
 O Level 27 Shields
 O Level 27 Unarmed Combat
 O Level 27 Spellcasting
 O Level 27 Invocations
 O Level 27 Evocations


You knew the following spells:

 Your Spells              Type           Power      Damage    Failure   Level
a - Manifold Assault      Tloc           86%        N/A       0%          4
b - Animate Dead          Necr           86%        N/A       0%          4
c - Vhi's Electric Charg  Tloc/Air       100%       N/A       0%          3
d - Teleport Other        Tloc           86%        N/A       0%          3
e - Blink                 Tloc           100%       N/A       0%          2
f - Sting                 Tmut/Pois      100%       1d8       0%          1
g - Scorch                Fire           100%       2d9       0%          2
h - Momentum Strike       Conj/Tloc      100%       3d10      0%          2
i - Lesser Beckoning      Tloc           100%       N/A       0%          2
j - Blade Hands           Tmut           43%        N/A       0%          5
k - Iskenderun's Battles  Conj           86%        2d13      0%          5
l - Eringya's Noxious Bo  Tmut/Pois      43%        N/A       0%          6
m - Starburst             Conj/Fire      43%        6d12      0%          6
n - Iron Shot             Conj/Erth      43%        9d8       0%          6
o - Summon Hydra          Summ           43%        N/A       1%          7
p - Necromutation         Tmut/Necr      43%        N/A       1%          8
q - Infestation           Necr           43%        N/A       1%          8
r - Dragon's Call         Summ           43%        N/A       2%          9
Your spell library was empty.

Dungeon Overview and Level Annotations

Branches:
Dungeon (1/1)

Altars:
Makhleb


Innate Abilities, Weirdness & Mutations

You are immune to sickness and miasma.
You are immune to poison.
Your flesh is very heat resistant. (rF++)
You are vulnerable to cold. (rC-)
You float through the air rather than walking.
You learn spells naturally, not from books.
Your magical power is your life essence.
You have superior vitality. (+4 MHP)


Message History

Your meat berserker zombie hits the bag of meat.
The fleshlord casts a spell at you.
Your nine-headed meat hydra zombie seems to slow down.
A bag of meat comes into view. It is wielding a +9 war axe.
The bag of meat hits your meat berserker zombie with a +9 war axe!
The bag of meat hits your nine-headed meat hydra zombie with a +9 war axe!!
The bag of meat hits your scourge zombie with a +9 war axe!
The tyrant barely misses your scourge zombie.
The meat beast bites your observer zombie!
The meat beast tramples your observer zombie!
Your observer zombie holds its ground!
The observer gazes at you. Something smites you!
The eight-headed meat hydra calls on the powers of darkness!
The eight-headed meat hydra convulses!
The bag of meat convulses! x2
The meat berserker convulses!
Your body is wracked with pain!
* * * LOW HITPOINT WARNING * * *
The meat berserker hits your scourge zombie with a +9 battleaxe!!!
The meat berserker hits your meat berserker zombie with a +9 battleaxe!!! x2
Your scourge zombie bites the bag of meat!
The bag of meat dies!
Makhleb accepts your kill.
The dead are walking!
A scourge comes into view.
Your nine-headed meat hydra zombie bites the fleshlord. x4
Your nine-headed meat hydra zombie bites the fleshlord! x2
Your nine-headed meat hydra zombie bites the fleshlord.
Your nine-headed meat hydra zombie barely misses the fleshlord.
Your nine-headed meat hydra zombie closely misses the fleshlord.
The meat berserker hits your observer zombie with a +9 battleaxe!!!
Your observer zombie is destroyed!
The meat berserker hits your nine-headed meat hydra zombie with a +9 battleaxe!!!
A wretched soul comes into view. x2
The meat beast bites your meat berserker zombie!!
Your meat berserker zombie is destroyed!
The bag of meat shouts!
You hear a shout! x2; You hear an angry hiss.
You hear a shout!
You slice the destroyer!!
You pulverise the destroyer into a thin bloody mist.
You destroy the destroyer!
Makhleb accepts your kill.
You feel better.
You hit the meat berserker.
You chop the meat berserker into pieces.
You kill the meat berserker!
Makhleb accepts your kill.
You feel better.
The dead are walking!
The fleshlord casts a spell at your nine-headed meat hydra zombie.
Your nine-headed meat hydra zombie seems to slow down.
The meat berserker rages.
The dread throws damnation at you.
The sphere of damnation explodes!
The damnation engulfs you!!
The damnation engulfs your bag of meat zombie!!
Your scourge zombie bites the meat berserker!
The observer gazes at you.
The fireball explodes!
The fireball engulfs you!! You resist.
The fireball engulfs your bag of meat zombie!!!!
The dread hits your bag of meat zombie!
The dread drains your bag of meat zombie's vigour!
Your bag of meat zombie seems to slow down.
The tyrant casts a spell.
A bag of meat comes into view. It is wielding a +9 war axe.
The bag of meat hits your meat berserker zombie with a +9 war axe!
Your nine-headed meat hydra zombie bites the dread but does no damage.
Your nine-headed meat hydra zombie bites the dread! x3
Your nine-headed meat hydra zombie bites the dread. x2
Your nine-headed meat hydra zombie bites the dread!
Your nine-headed meat hydra zombie bites the dread. x2
The bag of meat hits your meat berserker zombie with a +9 war axe.
The bag of meat hits something with a +9 war axe!
Your meat berserker zombie hits the meat berserker!
The bag of meat hits your meat berserker zombie with a +9 war axe!
The fleshlord gestures at you while chanting.
You barely resist.
Your meat berserker zombie hits the observer but does no damage.
A tyrant comes into view.
A dread comes into view.
Your scourge zombie bites the dread.
You hear a shout!
The fleshlord hits your nine-headed meat hydra zombie with a +9 great mace!!!!!!
Your nine-headed meat hydra zombie is destroyed!
Your scourge zombie bites the meat berserker.
The bag of meat hits your nine-headed meat hydra zombie with a +9 war axe!
A dread comes into view.
A fleshlord comes into view. It is wielding a +9 great mace.
You hear an angry hiss.
The fleshlord shouts!
You hit the meat beast but do no damage.
You hew the meat beast savagely.
You kill the meat beast!
Makhleb accepts your kill.
You feel better.
The meat beast bites your scourge zombie!
The meat beast tramples your scourge zombie.
Your scourge zombie holds its ground!
The observer gazes at your meat berserker zombie.
Your meat berserker zombie is smitten.
A fleshlord comes into view. It is wielding a +9 great mace.
A dread comes into view.
An observer comes into view.
Your scourge zombie bites the meat berserker.
The dread hits your bag of meat zombie.
Your meat berserker zombie completely misses the bag of meat.
Your fleshlord zombie is smitten.
Something hits your fleshlord zombie!!!
Your observer zombie bites the meat berserker!
The bag of meat hits your meat berserker zombie with a +9 war axe!!
The bag of meat hits your fleshlord zombie with a +9 war axe!!
A bag of meat comes into view. It is wielding a +9 war axe.
The bag of meat hits your meat berserker zombie with a +9 war axe!!
The meat berserker hits your scourge zombie with a +9 battleaxe!!
Your nine-headed meat hydra zombie bites the dread but does no damage.
Your nine-headed meat hydra zombie misses the dread.
Your nine-headed meat hydra zombie bites the dread. x2
Your nine-headed meat hydra zombie bites the dread!
Your nine-headed meat hydra zombie closely misses the dread.
Your nine-headed meat hydra zombie bites the dread!
Your nine-headed meat hydra zombie bites the dread.
Your nine-headed meat hydra zombie bites the dread but does no damage.
Your nine-headed meat hydra zombie bites the bag of meat!
The bag of meat dies!
Makhleb accepts your kill. The tyrant touches your scourge zombie!
The observer bites your meat berserker zombie!
The eight-headed meat hydra calls on the powers of darkness!
The eight-headed meat hydra convulses!
The fleshlord convulses!
The observer convulses!
The fleshlord convulses!
The meat berserker convulses!
Your body is wracked with pain!
* * * LOW HITPOINT WARNING * * *
The meat berserker convulses!
Your bag of meat zombie misses the dread.
Your fleshlord zombie hits the bag of meat!
Something bites your fleshlord zombie!!
Your scourge zombie barely misses the tyrant.
Your The Defiler zombie hits the dread but does no damage.
Your scourge zombie bites the tyrant!
Your scourge zombie bites the meat beast!
Your fleshlord zombie hits the bag of meat!
The fleshlord mumbles some strange words.
The fleshlord seems to speed up.
The tyrant mumbles some strange words.
The tyrant seems to speed up.
The fleshlord points at you and mumbles some strange words.
You barely resist.
A fleshlord and a meat beast come into view.
You slice the meat berserker!!
You cleave the meat berserker in twain.
You blow up the meat berserker!
Makhleb accepts your kill.
You feel better.
You feel yourself speed up.
The meat beast bites your scourge zombie!
The meat beast tramples your scourge zombie!!
Your scourge zombie stumbles backwards!
The meat beast bites your nine-headed meat hydra zombie!!
The meat beast tramples your nine-headed meat hydra zombie!!
Your nine-headed meat hydra zombie holds its ground!
The meat beast bites your meat berserker zombie.
The meat beast tramples your meat berserker zombie!
Your meat berserker zombie stumbles backwards!
You hear a shout!
The observer bites your meat berserker zombie!
Something hits your fleshlord zombie!!!
An eight-headed meat hydra comes into view.
The fleshlord hits your nine-headed meat hydra zombie with a +9 great mace!!!!!
The dread hits your bag of meat zombie!
The dread drains your bag of meat zombie's vigour!
Your bag of meat zombie seems to slow down.
The tyrant gestures wildly while chanting.
The scourge completely misses your nine-headed meat hydra zombie.
Your nine-headed meat hydra zombie is smitten.
An eight-headed meat hydra comes into view.
The bag of meat hits your meat berserker zombie with a +9 war axe!!
The bag of meat hits your fleshlord zombie with a +9 war axe!!
Something hits your fleshlord zombie!!!
The meat berserker rages.
The bag of meat hits your meat berserker zombie with a +9 war axe!!
The bag of meat hits your fleshlord zombie with a +9 war axe!
A bag of meat comes into view. It is wielding a +9 war axe.
The bag of meat hits your meat berserker zombie with a +9 war axe!!
A bag of meat comes into view. It is wielding a +9 war axe.
Your meat berserker zombie hits the meat beast.
The fleshlord gestures at you while chanting.
Your fleshlord zombie seems to slow down.
A wretched soul comes into view.
Your meat berserker zombie hits the observer but does no damage.
Your fleshlord zombie is smitten.
Something bites your fleshlord zombie!
The dread calls on the powers of darkness!
The observer convulses!
The fleshlord convulses!
Your body is wracked with pain!
* * * LOW HITPOINT WARNING * * *
The fleshlord convulses!
The scourge convulses!
The eight-headed meat hydra convulses!
The meat berserker convulses! x2
The bag of meat convulses!
The eight-headed meat hydra bites something!
The eight-headed meat hydra bites something.
The eight-headed meat hydra bites something!
The eight-headed meat hydra barely misses something.
The eight-headed meat hydra bites something.
The eight-headed meat hydra bites something! x3
An eight-headed meat hydra comes into view.
The meat berserker hits you with a +9 battleaxe!!!!
You die...

....)....)##)##.#####
.........).)).......
...####.))))##)##..)
.#.)..)))))).)).....
..#...)))))W.#)#)...
#)V.)))))).)))....
#).)#).))..)))).....
....)#)ZW))))..)z.W)
.).)).W)G)p)@ZZp).Zo
...).D.S.Z))ZO2ZL).o
#.)))D.W.#XZWZZ).#WZ
).)#)).L.#ZZXX)O.# .
.))).)###.L)X.ZW###..
)...)...ZX###ooMo...
..#...Dp2.)_°ZpWoo..
#....oD.#.o).p#)o).
...§§.X)#_.<._#o...


You could see an accursed, 2 tentacled monstrosities, 2 meat beasts, 3 tyrants,
4 eight-headed meat hydras, a destroyer, an observer (fast, invisible,
distracted), a scourge (distracted), 5 fleshlords, a sculptor of flesh, 3 large
abominations, 6 dreads, 2 meat berserkers, 3 wretched souls, 9 bags of meat, 4
friendly scourge zombies, 3 friendly nine-headed meat hydra zombies, a friendly
observer zombie, a friendly bag of meat zombie (slow), 4 friendly meat berserker
zombies, 2 friendly fleshlord zombies and the friendly The Defiler zombie.

Vanquished Creatures
  Dispater (D)
  23 hell knights (D)
  Sigmund (D)
  22 hell beasts (D)
  Edmund (D)
  7 royal mummies (D)
  17 great orbs of eyes (D)
  20 wraiths (D)
  Harold (D)
  26 vampire knights (D)
  58 ogres (D)
  13 two-headed ogres (D)
  13 liches (D)
  14 hydras (D)
  16 phantoms (D)
  110 orcs (D)
  15 skeletal warriors (D)
  24 sea snakes (D)
382 creatures vanquished.

Vanquished Creatures (collateral kills)
  An ogre (D)
  3 orcs (D)
4 creatures vanquished.

Vanquished Creatures (others)
  5 orcs (D)
  38 ogre zombies (D)
  2 human zombies (D)
  A sea snake zombie (D)
  81 orc zombies (D)
  6 great orb of eyes zombies (D)
  5 hydra zombies (D)
  2 ball lightnings (D)
140 creatures vanquished.

Grand Total: 526 creatures vanquished

Notes
Turn   | Place    | Note
-------+----------+-------------------------------------------
     0 | D        | Found the +∞ Axe of Woe
     0 | D        | GloriousHammer the Djinni Warper began the quest for the
                  | Orb.
     0 | D        | GloriousHammer set off with the following spells memorised:
                  | Blink, Lesser Beckoning, Vhi's Electric Charge, Teleport
                  | Other, Manifold Assault.
     0 | D        | Reached XP level 1. HP: 18/18 MP: 0/0
     1 | D        | Noticed a bag of meat
     1 | D        | Noticed a bag of meat
     2 | D        | Noticed a bag of meat
     4 | D        | Noticed a bag of meat
     6 | D        | Became a worshipper of Makhleb the Destroyer
     6 | D        | Noticed a bag of meat
     7 | D        | Noticed a bag of meat
     8 | D        | Noticed a bag of meat
     8 | D        | Killed a bag of meat
     8 | D        | Killed a bag of meat
     8 | D        | Reached * piety under Makhleb
     9 | D        | Reached XP level 2. HP: 23/23 MP: 0/0
     9 | D        | Reached XP level 3. HP: 28/28 MP: 0/0
     9 | D        | Learned a level 1 spell: Sting
     9 | D        | Reached XP level 4. HP: 33/33 MP: 0/0
     9 | D        | Reached XP level 5. HP: 38/38 MP: 0/0
     9 | D        | Learned a level 2 spell: Scorch
     9 | D        | Reached XP level 6. HP: 43/43 MP: 0/0
     9 | D        | Reached XP level 7. HP: 49/49 MP: 0/0
     9 | D        | Learned a level 2 spell: Momentum Strike
     9 | D        | Reached XP level 8. HP: 54/54 MP: 0/0
     9 | D        | Reached XP level 9. HP: 58/58 MP: 0/0
     9 | D        | Learned a level 4 spell: Animate Dead
     9 | D        | Reached XP level 10. HP: 64/64 MP: 0/0
     9 | D        | Reached XP level 11. HP: 68/68 MP: 0/0
     9 | D        | Learned a level 5 spell: Blade Hands
     9 | D        | Reached XP level 12. HP: 74/74 MP: 0/0
     9 | D        | Killed a bag of meat
     9 | D        | Noticed a bag of meat
    10 | D        | Reached XP level 13. HP: 78/78 MP: 0/0
    10 | D        | Learned a level 5 spell: Iskenderun's Battlesphere
    10 | D        | Killed a bag of meat
    10 | D        | Killed a bag of meat
    10 | D        | Reached ** piety under Makhleb
    10 | D        | Killed a bag of meat
    10 | D        | Killed a bag of meat
    10 | D        | Noticed a meat berserker
    11 | D        | Reached XP level 14. HP: 85/85 MP: 0/0
    12 | D        | Killed a meat berserker
    12 | D        | Reached *** piety under Makhleb
    13 | D        | Reached XP level 15. HP: 81/89 MP: 0/0
    13 | D        | Learned a level 6 spell: Eringya's Noxious Bog
    14 | D        | Noticed a meat berserker
    14 | D        | Noticed a meat berserker
    15 | D        | Killed a meat berserker
    15 | D        | Killed a meat berserker
    15 | D        | Reached **** piety under Makhleb
    15 | D        | Noticed a meat berserker
    16 | D        | Reached skill level 27 in Axes
    16 | D        | Reached skill level 27 in Spellcasting
    16 | D        | Reached skill level 1 in Stealth
    16 | D        | Reached skill level 1 in Invocations
    16 | D        | Reached XP level 16. HP: 95/95 MP: 0/0
    16 | D        | Noticed a meat berserker
    17 | D        | Killed a meat berserker
    17 | D        | Noticed a meat berserker
    18 | D        | Reached XP level 17. HP: 115/115 MP: 0/0
    18 | D        | Learned a level 6 spell: Starburst
    18 | D        | Killed a meat berserker
    18 | D        | Reached ***** piety under Makhleb
    18 | D        | Killed a meat berserker
    18 | D        | Noticed a meat berserker
    19 | D        | Reached skill level 15 in Dodging
    19 | D        | Reached XP level 18. HP: 134/134 MP: 0/0
    19 | D        | Noticed a meat berserker
    19 | D        | Noticed a meat berserker
    20 | D        | Killed a meat berserker
    21 | D        | Reached skill level 15 in Stealth
    21 | D        | Reached ****** piety under Makhleb
    21 | D        | Killed a meat berserker
    21 | D        | Noticed a destroyer
    22 | D        | Reached XP level 19. HP: 154/154 MP: 0/0
    22 | D        | Learned a level 6 spell: Iron Shot
    22 | D        | Noticed a large bag of meat
    22 | D        | Killed a meat berserker
    22 | D        | Killed a large bag of meat
    22 | D        | Killed a destroyer
    22 | D        | Noticed a meat berserker
    22 | D        | Noticed a meat berserker
    22 | D        | Noticed a meat berserker
    23 | D        | Reached XP level 20. HP: 169/169 MP: 0/0
    23 | D        | Killed a meat berserker
    23 | D        | Killed a meat berserker
    24 | D        | Reached XP level 21. HP: 180/180 MP: 0/0
    24 | D        | Learned a level 7 spell: Summon Hydra
    24 | D        | Killed a meat berserker
    24 | D        | Noticed a meat berserker
    24 | D        | Noticed a meat berserker
    24 | D        | Noticed a meat berserker
    25 | D        | Reached skill level 27 in Dodging
    25 | D        | Killed a meat berserker
    25 | D        | Killed a meat berserker
    26 | D        | Reached skill level 27 in Fighting
    26 | D        | Reached skill level 27 in Armour
    26 | D        | Reached skill level 27 in Stealth
    26 | D        | Reached skill level 27 in Invocations
    26 | D        | Reached skill level 15 in Throwing
    26 | D        | Reached XP level 22. HP: 194/194 MP: 0/0
    26 | D        | Killed a meat berserker
    26 | D        | Noticed a large bag of meat
    26 | D        | Noticed a meat berserker
    26 | D        | Noticed a large bag of meat
    27 | D        | Noticed a large bag of meat
    27 | D        | Noticed a large bag of meat
    27 | D        | Noticed a large bag of meat
    27 | D        | Noticed a destroyer
    28 | D        | Killed a destroyer
    28 | D        | Noticed a meat berserker
    28 | D        | Noticed The Servant
    29 | D        | Reached XP level 23. HP: 201/201 MP: 0/0
    29 | D        | Learned a level 8 spell: Necromutation
    29 | D        | Killed a large bag of meat
    30 | D        | Reached skill level 27 in Throwing
    30 | D        | Killed The Servant
    30 | D        | Noticed a large bag of meat
    32 | D        | Reached skill level 10 in Long Blades
    32 | D        | Reached skill level 10 in Staves
    32 | D        | Reached XP level 24. HP: 186/208 MP: 0/0
    32 | D        | Noticed a destroyer
    32 | D        | Killed a large bag of meat
    33 | D        | Killed a destroyer
    34 | D        | Noticed a destroyer
    35 | D        | Killed a large bag of meat
    36 | D        | Noticed a destroyer
    37 | D        | Noticed a destroyer
    37 | D        | Killed a large bag of meat
    38 | D        | Noticed a destroyer
    38 | D        | Killed a large bag of meat
    38 | D        | Killed a large bag of meat
    38 | D        | Noticed a large bag of meat
    39 | D        | Reached skill level 15 in Short Blades
    39 | D        | Reached skill level 15 in Long Blades
    39 | D        | Reached skill level 15 in Staves
    39 | D        | Reached XP level 25. HP: 188/214 MP: 0/0
    39 | D        | Learned a level 8 spell: Infestation
    40 | D        | Reached skill level 15 in Maces & Flails
    40 | D        | Reached skill level 15 in Polearms
    40 | D        | Reached skill level 15 in Ranged Weapons
    40 | D        | Noticed a destroyer
    40 | D        | Noticed a destroyer
    41 | D        | Noticed a destroyer
    41 | D        | Noticed a destroyer
    41 | D        | Killed a destroyer
    42 | D        | Killed a destroyer
    42 | D        | Killed a destroyer
    42 | D        | Noticed a destroyer
    43 | D        | Reached XP level 26. HP: 221/221 MP: 0/0
    43 | D        | Noticed a large bag of meat
    43 | D        | Killed a destroyer
    44 | D        | Killed a destroyer
    44 | D        | Noticed a large bag of meat
    45 | D        | Noticed a destroyer
    45 | D        | Killed a destroyer
    45 | D        | Killed a destroyer
    45 | D        | Noticed a destroyer
    45 | D        | Noticed a destroyer
    45 | D        | Noticed a large bag of meat
    46 | D        | Reached XP level 27. HP: 228/228 MP: 0/0
    46 | D        | Learned a level 9 spell: Dragon's Call
    46 | D        | Killed a destroyer
    47 | D        | Noticed a large bag of meat
    47 | D        | Noticed a destroyer
    48 | D        | Killed a destroyer
    50 | D        | Killed a destroyer
    50 | D        | Noticed a large bag of meat
    51 | D        | Killed a destroyer
    52 | D        | Killed a destroyer
    52 | D        | Noticed a destroyer
    53 | D        | Reached skill level 27 in Shields
    53 | D        | Reached skill level 27 in Unarmed Combat
    53 | D        | Reached skill level 27 in Evocations
    55 | D        | Reached skill level 27 in Short Blades
    55 | D        | Reached skill level 27 in Long Blades
    55 | D        | Reached skill level 27 in Staves
    55 | D        | Noticed an accursed
    55 | D        | Noticed a destroyer
    55 | D        | Noticed a tyrant
    56 | D        | Killed a destroyer
    57 | D        | Reached skill level 27 in Maces & Flails
    57 | D        | Reached skill level 27 in Polearms
    57 | D        | Reached skill level 27 in Ranged Weapons
    57 | D        | Killed a destroyer
    57 | D        | Noticed a destroyer
    60 | D        | Noticed a tyrant
    60 | D        | Noticed a tyrant
    61 | D        | Noticed a dread
    62 | D        | Noticed an accursed
    64 | D        | Killed a large bag of meat
    65 | D        | Noticed a meat beast
    67 | D        | Noticed an accursed
    67 | D        | Killed a destroyer
    71 | D        | Killed a tyrant
    72 | D        | Noticed a meat beast
    72 | D        | Killed a tyrant
    75 | D        | Killed a meat beast
    75 | D        | Killed a large bag of meat
    78 | D        | Killed a meat beast
    79 | D        | Noticed a meat beast
    81 | D        | Killed an accursed
    81 | D        | Killed a meat beast
    82 | D        | Killed a tyrant
    82 | D        | Killed a dread
    83 | D        | Noticed a meat beast
    83 | D        | Noticed a meat beast
    84 | D        | Noticed a meat beast
    85 | D        | Killed a large bag of meat
    86 | D        | Killed a meat beast
    87 | D        | Killed a meat beast
    88 | D        | Killed a large bag of meat
    88 | D        | Killed a meat beast
    90 | D        | Noticed a tyrant
    91 | D        | Killed an accursed
    93 | D        | Killed a tyrant
    95 | D        | Killed an accursed
    96 | D        | Noticed a meat beast
    97 | D        | Noticed a meat beast
    97 | D        | Noticed a meat beast
    97 | D        | Noticed a meat beast
    99 | D        | Killed a meat beast
   101 | D        | Killed a meat beast
   102 | D        | Killed a meat beast
   102 | D        | Killed a large bag of meat
   102 | D        | Noticed a meat beast
   103 | D        | Noticed a tyrant
   103 | D        | Noticed a tyrant
   103 | D        | Noticed a tyrant
   104 | D        | Killed a large bag of meat
   105 | D        | Killed a meat beast
   107 | D        | Killed a destroyer
   108 | D        | Killed a tyrant
   108 | D        | Killed a tyrant
   108 | D        | Killed a tyrant
   108 | D        | Noticed The Captor
   108 | D        | Noticed a meat beast
   109 | D        | Killed The Captor
   109 | D        | Killed a meat beast
   111 | D        | Noticed a dread
   112 | D        | Noticed a dread
   112 | D        | Noticed a tyrant
   112 | D        | Noticed an accursed
   112 | D        | Noticed an accursed
   113 | D        | Killed a meat beast
   114 | D        | Killed a dread
   115 | D        | Killed an accursed
   116 | D        | Killed an accursed
   116 | D        | Noticed a dread
   117 | D        | Killed a tyrant
   121 | D        | Killed a dread
   122 | D        | Killed a dread
   123 | D        | Noticed a dread
   124 | D        | Noticed a dread
   125 | D        | Noticed a fleshlord
   128 | D        | Killed a dread
   128 | D        | Killed a fleshlord
   128 | D        | Noticed a fleshlord
   129 | D        | Killed a dread
   129 | D        | Noticed a fleshlord
   130 | D        | Noticed a fleshlord
   130 | D        | Killed a fleshlord
   130 | D        | Killed a fleshlord
   130 | D        | Killed a fleshlord
   130 | D        | Noticed a fleshlord
   131 | D        | Killed a fleshlord
   132 | D        | Noticed a fleshlord
   132 | D        | Noticed a fleshlord
   133 | D        | Killed a fleshlord
   133 | D        | Killed a fleshlord
   135 | D        | Noticed a fleshlord
   135 | D        | Noticed a fleshlord
   136 | D        | Killed a fleshlord
   136 | D        | Killed a fleshlord
   136 | D        | Noticed a dread
   137 | D        | Killed a dread
   138 | D        | Noticed a dread
   138 | D        | Killed a dread
   138 | D        | Noticed a fleshlord
   139 | D        | Killed a fleshlord
   140 | D        | Noticed a tyrant
   141 | D        | Killed a tyrant
   141 | D        | Noticed a fleshlord
   142 | D        | Noticed a meat beast
   142 | D        | Killed a fleshlord
   142 | D        | Killed a meat beast
   142 | D        | Noticed a fleshlord
   143 | D        | Killed a fleshlord
   144 | D        | Noticed a meat beast
   144 | D        | Noticed a fleshlord
   145 | D        | Killed a meat beast
   145 | D        | Killed a fleshlord
   145 | D        | Noticed a tyrant
   146 | D        | Killed a tyrant
   147 | D        | Noticed a destroyer
   149 | D        | Killed a destroyer
   149 | D        | Noticed a meat beast
   150 | D        | Killed a meat beast
   150 | D        | Noticed an accursed
   150 | D        | Noticed a fleshlord
   151 | D        | Noticed a dread
   151 | D        | Killed an accursed
   151 | D        | Killed a fleshlord
   151 | D        | Killed a dread
   152 | D        | Noticed a meat beast
   153 | D        | Killed a meat beast
   155 | D        | Noticed a meat beast
   155 | D        | Noticed a dread
   156 | D        | Killed a meat beast
   156 | D        | Killed a dread
   157 | D        | Noticed a fleshlord
   158 | D        | Killed a fleshlord
   159 | D        | Noticed a dread
   159 | D        | Noticed a fleshlord
   160 | D        | Killed a dread
   160 | D        | Killed a fleshlord
   163 | D        | Noticed a meat beast
   163 | D        | Killed a meat beast
   163 | D        | Noticed a fleshlord
   164 | D        | Noticed a destroyer
   164 | D        | Killed a destroyer
   164 | D        | Killed a fleshlord
   165 | D        | Noticed a meat beast
   166 | D        | Killed a meat beast
   166 | D        | Noticed a fleshlord
   167 | D        | Killed a fleshlord
   168 | D        | Noticed a tyrant
   169 | D        | Killed a tyrant
   170 | D        | Noticed a dread
   171 | D        | Killed a dread
   171 | D        | Noticed a fleshlord
   171 | D        | Noticed a tyrant
   171 | D        | Noticed a dread
   172 | D        | Noticed a fleshlord
   172 | D        | Killed a dread
   172 | D        | Killed a fleshlord
   173 | D        | Noticed a destroyer
   173 | D        | Killed a tyrant
   174 | D        | Killed a fleshlord
   174 | D        | Killed a destroyer
   174 | D        | Noticed an accursed
   175 | D        | Noticed a dread
   176 | D        | Killed a dread
   177 | D        | Killed an accursed
   177 | D        | Noticed a dread
   177 | D        | Noticed a destroyer
   178 | D        | Killed a destroyer
   178 | D        | Killed a dread
   178 | D        | Noticed a fleshlord
   178 | D        | Noticed a tyrant
   179 | D        | Killed a tyrant
   179 | D        | Killed a fleshlord
   182 | D        | Noticed The Meatlord
   183 | D        | Killed The Meatlord
   184 | D        | Got the Orb of Zot
   184 | D        | Noticed a destroyer
   185 | D        | Killed a destroyer
   186 | D        | Noticed a meat beast
   186 | D        | Noticed a dread
   186 | D        | Noticed a dread
   186 | D        | Noticed The Defiler
   186 | D        | Noticed a dread
   187 | D        | Killed a dread
   188 | D        | Killed The Defiler
   188 | D        | Killed a meat beast
   188 | D        | Noticed a destroyer
   189 | D        | Noticed a meat beast
   190 | D        | Killed a meat beast
   190 | D        | Noticed a fleshlord
   190 | D        | Noticed a dread
   190 | D        | Noticed an accursed
   191 | D        | Killed a destroyer
   191 | D        | Noticed a fleshlord
   191 | D        | Noticed a tyrant
   191 | D        | Noticed a dread
   192 | D        | Killed a fleshlord
   192 | D        | Killed a dread
   192 | D        | Noticed a meat beast
   192 | D        | Noticed a fleshlord
   193 | D        | Killed a fleshlord
   193 | D        | Noticed a dread
   193 | D        | Noticed a fleshlord
   193 | D        | Noticed a destroyer
   194 | D        | Killed a dread
   194 | D        | Killed a dread
   194 | D        | Noticed a meat beast
   194 | D        | Noticed a dread
   194 | D        | Noticed a tyrant
   195 | D        | Killed a dread
   195 | D        | Noticed a dread
   196 | D        | Killed a destroyer
   196 | D        | Noticed a tyrant
   196 | D        | Noticed a dread
   196 | D        | Noticed a dread
   196 | D        | Noticed a fleshlord
   197 | D        | Killed a meat beast
   197 | D        | Noticed a fleshlord
   197 | D        | Noticed a dread
   198 | D        | Noticed a destroyer
   198 | D        | Noticed a fleshlord
   198 | D        | Noticed a meat beast
   198 | D        | Annihilated by a meat berserker

Illustrated notes

Levels and vault maps discovered:
D:        meatsprint

Skill      XL: |  1  2  3  4  5  6  7  8  9 10 11 12 13 14 15 16 17 18 19 20 21 22 23 24 25 26 27 |
---------------+----------------------------------------------------------------------------------+-----
Axes           | 17 19 23 24 27 | 27.0
Spellcasting   | 16 18 21 22 27 | 27.0
Armour         | 2 8 13 19 22 24 27 | 27.0
Dodging        | 3 9 15 21 24 26 27 | 27.0
Stealth        | 1 7 12 17 21 22 27 | 27.0
Invocations    | 1 8 13 19 22 24 27 | 27.0
Fighting       | 8 13 19 22 24 27 | 27.0
Throwing       | 15 26 27 | 27.0
Short Blades   | 11 15 20 22 27 | 27.0
Long Blades    | 10 15 19 21 27 | 27.0
Maces & Flails | 9 13 17 19 27 | 27.0
Polearms       | 9 13 17 19 27 | 27.0
Staves         | 10 15 19 21 27 | 27.0
Ranged Weapons | 9 13 17 19 27 | 27.0
Shields        | 11 16 20 23 27 | 27.0
Unarmed Combat | 11 16 20 23 27 | 27.0
Evocations     | 11 16 20 23 27 | 27.0

Action                     |  1- 3 |  4- 6 |  7- 9 | 10-12 | 13-15 | 16-18 | 19-21 | 22-24 | 25-27 || total
---------------------------+-------+-------+-------+-------+-------+-------+-------+-------+-------++-------
  Melee: Executioner's axe |     1 |       |       |     1 |     9 |    12 |    14 |    24 |   320 ||   381
   Cast: Manifold Assault  |       |       |       |       |     3 |     4 |     4 |     6 |    98 ||   115
         Animate Dead      |       |       |       |       |     1 |       |       |       |     2 ||     3
         Vhi's Electric Ch |       |       |       |       |       |       |       |     1 |     3 ||     4
   Stab: Distracted        |       |       |       |       |       |       |       |       |     1 ||     1
 Armour: Leather armour    |       |       |       |       |       |       |       |       |     1 ||     1
  Dodge: Dodged            |       |       |       |       |       |       |       |     1 |     9 ||    10
